 Dungeon Crawl Stone Soup version 0.31.0-11-ge490571c62 (webtiles) character file.

Game seed: 3958902397118827298

387 qw the Shooter (level 6, -6/30 HPs)
             Began as a Spriggan Hunter on Feb 3, 2024.
             Killed by divine providence
             ... invoked by an orc priest
              (15 damage)
             ... on level 5 of the Dungeon.
             The game lasted 00:00:12 (3245 turns).

qw the Shooter (Spriggan Hunter)                    Turns: 3245, Time: 00:00:12

Health: -6/30      AC:  2    Str:  5 (7)  XL:     6   Next: 49%
Magic:  7/7        EV: 21    Int:  9 (10) God:
Gold:   217        SH:  5    Dex: 19 (21) Spells: 5/5 levels left

rFire   . . .        j - +3 shortbow (freeze)
rCold   + . .        (shield currently unavailable)
rNeg    . . .        c - +0 robe
rPois   .            (helmet restricted)
rElec   .            (no cloak)
rCorr   .            (gloves unavailable)
SInv    +            (boots unavailable)
Will    +....        a - amulet of reflection
Stlth   ++           g - ring of protection from cold
HPRegen 0.25/turn    (no ring)
MPRegen 0.10/turn

%: reflection
@: hasted, very quick
A: very small, no large weapons, unfitting armour, see invisible, speed 3
a: no special abilities


You were on level 5 of the Dungeon.
You visited 1 branch of the dungeon, and saw 5 of its levels.

You collected 217 gold pieces.


Innate Abilities, Weirdness & Mutations

You are very small and have problems with some larger weapons.
You are too small for most types of armour.
You have supernaturally acute eyesight. (SInv)
You cover ground extremely quickly. (Speed+++)


   Skills:
 - Level 2.0 Fighting
 + Level 6.3 Ranged Weapons
 - Level 6.2 Dodging
 - Level 1.5 Stealth


You had 5 spell levels left.
You didn't know any spells.
Your spell library was empty.

Inventory:

Hand Weapons
 j - a +3 shortbow of freezing (weapon)
Armour
 c - a +0 robe (worn)
Jewellery
 a - an amulet of reflection (around neck)
 e - a ring of willpower
 g - a ring of protection from cold (left hand)
Scrolls
 d - 5 scrolls of teleportation
Potions
 b - a potion of haste
 f - 2 potions of resistance
 h - a potion of heal wounds
 k - a potion of curing
 m - a potion of enlightenment {unknown}

Dungeon Overview and Level Annotations

Branches:
Dungeon (5/15)
 Temple: D:4-7

Altars:

Shops:
D:1 !   D:4 [


Message History

The arrow freezes the iguana.
The iguana is heavily wounded.
You shoot an arrow. The arrow hits the iguana.
The iguana seems to slow down.
The arrow freezes the iguana.
The iguana is almost dead.
The iguana misses you.
You shoot an arrow. The arrow hits the iguana!
The arrow freezes the iguana.
You kill the iguana!
The orc priest invokes the aid of Beogh against you.
Beogh smites you!
You shoot an arrow. The arrow barely misses the orc priest.
You shoot an arrow.
The arrow hits the orc priest but does no damage.
The orc priest is moderately wounded.
You shoot an arrow.
The arrow hits the orc priest but does no damage.
The orc priest is moderately wounded.
The orc barely misses you. You block the orc priest's attack.
You shoot an arrow.
The arrow hits the orc priest but does no damage.
The orc priest is moderately wounded.
You block the orc's attack. The orc priest misses you.
You shoot an arrow. The arrow barely misses the orc priest.
You shoot an arrow.
The arrow hits the orc priest but does no damage.
The orc priest is moderately wounded.
You block the orc's attack. The orc priest barely misses you.
You shoot an arrow.
The arrow closely misses the orc priest.
You block the orc's attack. The orc priest closely misses you.
You shoot an arrow.
The arrow hits the orc priest but does no damage.
The orc priest is moderately wounded.
You shoot an arrow.
The arrow closely misses the orc priest.
The orc closely misses you.
The orc priest invokes the aid of Beogh against you.
Beogh smites you!
Ouch! That really hurt!
You die...

#.......# #.......#
#.......#############
+....................
#.......#############
#.......#
####.......#
......o....#
#..Bo@...# #...######
...... ..... ..) .. .


You could see a bombardier beetle, an orc priest and an orc.

Vanquished Creatures
  A black bear (D:5)
  2 orc priests (D:4)
  3 iguanas
  An orc wizard (D:5)
  5 adders
  A dart slug (D:3)
  A ribbon worm (D:3)
  3 orcs
  5 bats
  6 endoplasms
  A giant cockroach (D:4)
  4 goblins
  12 hobgoblins
  3 jackals (D:2)
  12 kobolds
  3 quokkas
  8 ball pythons
  2 frilled lizards (D:2)
  8 rats
81 creatures vanquished.

Notes
Turn   | Place    | Note
-------+----------+-------------------------------------------
     0 | D:1      | qw the Spriggan Hunter began the quest for the Orb.
     0 | D:1      | Reached XP level 1. HP: 10/10 MP: 2/2
     0 | D:1      | 0 ||| qw: Version: 0.3-a-155-g5e7d8dd
     0 | D:1      | 0 ||| qw: Game counter: 3474
     0 | D:1      | 0 ||| qw: Melee chars always use a shield: true
     0 | D:1      | 0 ||| qw: God list: Okawaru
     0 | D:1      | 0 ||| qw: Allow faded altars: false
     0 | D:1      | 0 ||| qw: Do Orc after clearing Dungeon:15 true
     0 | D:1      | 0 ||| qw: Do second Lair branch before Depths: true
     0 | D:1      | 0 ||| qw: Lair rune preference: random
     0 | D:1      | 0 ||| qw: Goals: Normal
     0 | D:1      | 0 ||| PLANNING D:1-11
    54 | D:1      | Reached skill level 3 in Dodging
    74 | D:1      | Found Sietet's Distillery.
    94 | D:1      | 94 ||| SHOPLISTING 2 potions of cancellation (160 gold,
                  | have 0).
    94 | D:1      | 94 ||| SHOPLISTING potion of haste (100 gold, have 0).
    94 | D:1      | 94 ||| SHOPLISTING potion of might (40 gold, have 0).
   111 | D:1      | Reached XP level 2. HP: 14/14 MP: 3/3
   876 | D:1      | 876 ||| READING scroll labelled INULAM DITE.
   876 | D:1      | 876 ||| IDENTIFYING sedimented blue potion
   877 | D:1      | 877 ||| DRINKING 2 fuming amethyst potions.
   878 | D:1      | 878 ||| DROPPING scroll of butterflies.
   879 | D:1      | 879 ||| DROPPING potion of invisibility.
   932 | D:2      | Identified the +2 pair of gloves "Earthly Heaven" {rElec}
   943 | D:2      | Reached XP level 3. HP: 18/18 MP: 4/4
  1179 | D:2      | 1179 ||| FLEEEEING.
  1219 | D:2      | Reached XP level 4. HP: 22/22 MP: 5/5
  1435 | D:2      | Found a faded altar of an unknown god.
  1654 | D:2      | 1654 ||| READING scroll of identify.
  1654 | D:2      | 1654 ||| IDENTIFYING murky grey potion
  1655 | D:2      | 1655 ||| READING 2 scrolls labelled NUREGOVIUGG.
  1655 | D:2      | Identified 2 scrolls of acquirement
  1655 | D:2      | 1655 ||| ACQUIRING +3 shortbow of freezing
  1655 | D:2      | Acquired a +3 shortbow of freezing
  1657 | D:2      | 1657 ||| SWAPPING to +3 shortbow of freezing.
  1658 | D:2      | 1658 ||| DROPPING +0 shortbow.
  1659 | D:2      | 1659 ||| READING scroll of acquirement.
  1659 | D:2      | 1659 ||| ACQUIRING amulet of reflection
  1659 | D:2      | Acquired an amulet of reflection
  1661 | D:2      | 1661 ||| UPGRADING to amulet of reflection.
  1666 | D:2      | 1666 ||| READING scroll labelled WEJUZU CETOT.
  1670 | D:2      | 1670 ||| READING scroll labelled ZOEROD QYOKH.
  2383 | D:3      | 2383 ||| READING scroll of identify.
  2383 | D:3      | 2383 ||| IDENTIFYING blue potion
  2384 | D:3      | 2384 ||| DRINKING 2 emerald potions.
  2385 | D:3      | 2385 ||| FLEEEEING.
  2386 | D:3      | 2386 ||| FLEEEEING.
  2387 | D:3      | 2387 ||| FLEEEEING.
  2388 | D:3      | 2388 ||| FLEEEEING.
  2389 | D:3      | 2389 ||| FLEEEEING.
  2390 | D:3      | 2390 ||| FLEEEEING.
  2391 | D:3      | 2391 ||| FLEEEEING.
  2392 | D:3      | 2392 ||| FLEEEEING.
  2393 | D:3      | 2393 ||| FLEEEEING.
  2394 | D:3      | 2394 ||| FLEEEEING.
  2395 | D:3      | 2395 ||| FLEEEEING.
  2396 | D:3      | 2396 ||| FLEEEEING.
  2397 | D:3      | 2397 ||| FLEEEEING.
  2398 | D:3      | 2398 ||| FLEEEEING.
  2399 | D:3      | 2399 ||| FLEEEEING.
  2400 | D:3      | 2400 ||| FLEEEEING.
  2401 | D:3      | 2401 ||| FLEEEEING.
  2402 | D:3      | 2402 ||| STAIRDANCE
  2404 | D:2      | 2404 ||| FLEEEEING.
  2405 | D:2      | 2405 ||| FLEEEEING.
  2406 | D:2      | 2406 ||| FLEEEEING.
  2407 | D:2      | 2407 ||| FLEEEEING.
  2408 | D:2      | 2408 ||| FLEEEEING.
  2409 | D:2      | 2409 ||| FLEEEEING.
  2410 | D:2      | 2410 ||| FLEEEEING.
  2411 | D:2      | 2411 ||| FLEEEEING.
  2412 | D:2      | 2412 ||| FLEEEEING.
  2413 | D:2      | 2413 ||| STAIRDANCE
  2515 | D:1      | 2515 ||| DROPPING potion of berserk rage.
  2626 | D:4      | Reached XP level 5. HP: 26/26 MP: 6/6
  2852 | D:4      | Found Unyidut's Armour Shoppe.
  2863 | D:4      | Reached skill level 6 in Ranged Weapons
  3113 | D:4      | 3113 ||| UPGRADING to ring of protection from cold.
  3114 | D:4      | 3114 ||| READING scroll of identify.
  3114 | D:4      | 3114 ||| IDENTIFYING fizzy orange potion
  3115 | D:4      | 3115 ||| READING scroll labelled CEVUKHL PUDISERGH.
  3116 | D:4      | 3116 ||| DRINKING 2 purple potions.
  3117 | D:4      | 3117 ||| DRINKING 2 sedimented white potions.
  3118 | D:4      | 3118 ||| DROPPING potion of ambrosia.
  3119 | D:4      | 3119 ||| DROPPING potion of degeneration.
  3136 | D:5      | Entered Level 5 of the Dungeon
  3218 | D:5      | Noticed a black bear
  3219 | D:5      | 3219 ||| DRINKING 2 potions of haste.
  3224 | D:5      | Killed a black bear
  3225 | D:5      | Reached skill level 6 in Dodging
  3225 | D:5      | Reached XP level 6. HP: 30/30 MP: 7/7
  3245 | D:5      | Killed from afar by an orc priest

Levels and vault maps discovered:
D:1:      kennysheep_arrival_seaside, layout_basic, serial_shops,
          nicolae_shop_industrial_runoff
D:2:      layout_loops_cross, basic_ecumenical_altar, minmay_tall_x
D:3:      layout_loops_corners, kennysheep_flooded_box, eino_curves_04
D:4:      layout_layer_cave, serial_shops, shop
D:5:      layout_basic, nicolae_overflow_crystal_walls,
          minmay_temple_entry_offerings, nicolae_elevator_lobby_plus,
          uniq_grinder

Skill      XL: |  1  2  3  4  5 |
---------------+----------------+-----
Dodging        | 3 4 5 6 |  6.2
Ranged Weapons | 5 6 |  6.3
Fighting       | 2 |  2.0
Stealth        | |  1.5

Action                     |  1- 3 |  4- 6 || total
---------------------------+-------+-------++-------
   Fire: Shortbow          |   134 |    99 ||   233
    Use: Scroll            |     1 |     8 ||     9
         Potion            |     1 |     4 ||     5
 Armour: Robe              |    15 |     5 ||    20
  Dodge: Dodged            |    71 |    14 ||    85
  Block: Other             |       |     5 ||     5

Table legend:
 A = Non-vault XP
 B = Vault XP
 C = Vault XP percentage of total XP
 D = Non-vault monster count
 E = Vault monster count
 F = Vault count percentage of total count
                 A         B        C        D         E       F
            +---------+---------+-------+---------+---------+-------
      Total |     547 |       7 |   1.3 |      77 |       4 |   4.9
            +---------+---------+-------+---------+---------+-------
        D:1 |      36 |       0 |   0.0 |      22 |       0 |   0.0
        D:2 |      75 |       7 |   8.5 |      25 |       4 |  13.8
        D:3 |      34 |       0 |   0.0 |      10 |       0 |   0.0
        D:4 |     194 |       0 |   0.0 |      17 |       0 |   0.0
        D:5 |     208 |       0 |   0.0 |       3 |       0 |   0.0
            +---------+---------+-------+---------+---------+-------
